 Dungeon Crawl Stone Soup version 0.30-a0-760-g5a9884bb7c (webtiles) character file.

Game seed: 16567794297722467227

1616 Dittersdorf the Covered (level 8, 0/52 HPs)
             Began as a Gargoyle Fighter on Feb 10, 2023.
             Was an Initiate of Okawaru.
             Slain by an iguana (4 damage)
             ... on level 6 of the Dungeon.
             The game lasted 00:06:01 (4302 turns).

Dittersdorf the Covered (Gargoyle Fighter)          Turns: 4302, Time: 00:06:02

Health: 0/52       AC: 19    Str: 22    XL:     8   Next: 96%
Magic:  8/8        EV:  7    Int:  9    God:    Okawaru [......]
Gold:   379        SH:  6    Dex:  9    Spells: 7/7 levels left

rFire   . . .      SeeInvis .    v - +2 flail (protect)
rCold   . . .      Faith    .    c - +1 buckler
rNeg    + . .      Spirit   .    u - +0 chain mail
rPois   ∞          Reflect  .    (no helmet)
rElec   +          Harm     .    h - +0 cloak
rCorr   .          Rampage  .    t - +0 pair of gloves
Will    .....                    (no boots) Stlth
                                 a - amulet of regeneration
HPRegen 1.08/turn                (no ring)
MPRegen 0.11/turn                (no ring)

@: studying Armour
A: sickness immunity, AC +5, negative energy resistance 1, electricity
resistance, torment resistance 1, petrification resistance
a: Renounce Religion


You were on level 6 of the Dungeon.
You worshipped Okawaru.
Okawaru was noncommittal.
You visited 2 branches of the dungeon, and saw 7 of its levels.
You also visited: Sewer.

You collected 379 gold pieces.

Inventory:

Hand Weapons
 v - a +2 flail of protection (weapon)
Missiles
 b - a throwing net
 p - 9 poisoned darts (quivered)
Armour
 c - a +1 buckler (worn)
 h - a +0 cloak (worn)
 t - a +0 pair of gloves (worn)
 u - a +0 chain mail (worn)
Jewellery
 a - an amulet of regeneration (around neck)
Wands
 s - a wand of flame (4)
 w - a wand of mindburst (7)
Scrolls
 e - a scroll of enchant armour
 f - 5 scrolls of teleportation
 i - a scroll of fog {unknown}
 o - a scroll of noise {unknown}
Potions
 d - a potion of might
 g - a potion of cancellation
 j - 8 potions of brilliance
 k - a potion of magic
 l - 2 potions of mutation
 m - a potion of invisibility {unknown}
 n - 2 potions of curing {unknown}
 q - 4 potions of flight
 r - 3 potions of heal wounds


   Skills:
 + Level 6.8 Fighting
 + Level 5.7 Maces & Flails
 + Level 7.9 Armour
 + Level 6.8 Shields


You had 7 spell levels left.
You didn't know any spells.
Your spell library contained the following spells:

 Spells                   Type           Power      Damage    Failure   Level
 Beastly Appendage        Tmut           0%         N/A       98%         1
 Foxfire                  Conj/Fire      0%         2x1d4     98%         1
 Ensorcelled Hibernation  Hex/Ice        0%         N/A       99%         2
 Passwall                 Tmut/Erth      0%         N/A       99%         2
 Static Discharge         Conj/Air       0%         2-2/arc   99%         2
 Wereblood                Tmut           0%         N/A       99%         2
 Swiftness                Air            0%         N/A       100%        3
 Vhi's Electric Charge    Tloc/Air       0%         N/A       100%        3
 Arcjolt                  Conj/Air       0%         1d10      100%        5
 Fireball                 Conj/Fire      0%         3d3       100%        5
 Lightning Bolt           Conj/Air       0%         1d11      100%        5
 Starburst                Conj/Fire      0%         6d3       100%        6
 Polar Vortex             Ice            0%         N/A       100%        9
 Statue Form              Tmut/Erth      Unusable   N/A       N/A         6

Dungeon Overview and Level Annotations

Branches:
Dungeon (6/15)             Temple (1/1) D:6           Sewer (visited)

Altars:
Ashenzari
Cheibriados
Dithmenos
Elyvilon
Fedhas
Gozag
Makhleb
Nemelex Xobeh
Okawaru
Sif Muna
Uskayaw
Vehumet
Wu Jian
Xom
Yredelemnul
Zin
The Shining One


Innate Abilities, Weirdness & Mutations

You are immune to sickness and miasma.
Your stone body is resilient. (AC +5)
You are immune to poison.
You resist negative energy. (rN+)
You are resistant to electric shocks. (rElec)
You are resistant to unholy torment.
You are immune to petrification.


Message History

You block the water moccasin's attack. The iguana attacks as you move away!
The iguana bites you but does no damage.
A scorpion comes into view.
Found 6 stones.
The howler monkey hoots and howls with incredible vigour!
The water moccasin bites you.
You hear a shout! x5
The iguana attacks as you move away! The iguana bites you.
Found a leather armour.
Found a scroll labelled EFOURO BUDOICE.
Found 16 gold pieces.
The iguana attacks as you move away! The iguana closely misses you.
The howler monkey hoots and howls with incredible vigour!
You hear a shout!
You hear an angry growl.
You hear a shout!
The boulder beetle curls into a ball and begins rolling!
The water moccasin closely misses you.
The water moccasin attacks as you move away!
You block the water moccasin's attack. The iguana attacks as you move away!
The iguana bites you.
The howler monkey hoots and howls with incredible vigour!
The water moccasin bites you but does no damage.
The iguana attacks as you move away!
The iguana bites you but does no damage.
The water moccasin bites you but does no damage. x2
The iguana attacks as you move away! The iguana bites you.
The water moccasin bites you.
There is a stone staircase leading up here.
The howler monkey hoots and howls with incredible vigour!
You hear an angry growl.
The iguana attacks as you move away! The iguana bites you.
The boulder beetle attacks as you move away!
The boulder beetle hits you!!
Ouch! That really hurt!
* * * LOW HITPOINT WARNING * * *
The boulder beetle stops rolling and uncurls.
There is a stone staircase leading up here.
Okay, then.
The howler monkey hoots and howls with incredible vigour!
The iguana bites you.
You die...

#...#...##....##,*...
###......####..###,,...
##...####..####....,,###
#......###....#.....***,
#.....####.....#.....***
#..#....###..#....##.,,,
#...>........#....#,,,,,
##.................#*,*,,
#.......@S.........#*.#,,
##.......lB........##.##*
##.#..##..h<......##..##
###........s......#...#
##.....................
#....#.................
#...##................?
#...###.........#......
######......#...##.....


You could see a boulder beetle, a water moccasin, a scorpion, a howler monkey
(catching breath) and an iguana.

Vanquished Creatures
  Eustachio (D:4)
  Menkaure (D:4)
  Duvessa (D:5)
  A water moccasin (D:5)
  A black bear (D:5)
  2 phantoms
  A kobold brigand (Sewer)
  A bullfrog (D:6)
  4 scorpions
  Dowan (D:5)
  An iron imp (D:4)
  2 hounds
  A gnoll bouda (D:4)
  2 jellies
  Ijyb (D:4)
  An orc wizard (D:3)
  8 gnolls
  8 adders
  2 river rats (Sewer)
  A white imp (D:6)
  2 worms (Sewer)
  6 dart slugs
  5 orcs
  12 ball pythons
  2 bats
  5 endoplasms
  3 giant cockroaches
  9 goblins
  6 hobgoblins
  5 jackals
  11 kobolds
  7 quokkas
  2 frilled lizards (D:2)
  5 rats
121 creatures vanquished.

Notes
Turn   | Place    | Note
-------+----------+-------------------------------------------
     0 | D:1      | Dittersdorf the Gargoyle Fighter began the quest for the
                  | Orb.
     0 | D:1      | Reached XP level 1. HP: 14/14 MP: 1/1
    43 | D:1      | Got the Guidebook on Frost and Modification
   130 | D:1      | Reached XP level 2. HP: 19/19 MP: 2/2
   631 | D:2      | Reached XP level 3. HP: 23/23 MP: 3/3
   658 | D:2      | Reached XP level 4. HP: 26/29 MP: 4/4
   863 | D:2      | Reached skill level 4 in Armour
   875 | D:2      | Found a faded altar of an unknown god.
  1229 | D:3      | Reached XP level 5. HP: 18/33 MP: 2/5
  1313 | D:3      | Found a glowing drain.
  1360 | Sewer    | Entered a sewer
  1618 | Sewer    | Noticed a kobold brigand
  1626 | Sewer    | Killed a kobold brigand
  1627 | Sewer    | Reached XP level 6. HP: 38/39 MP: 6/6
  2153 | D:4      | Noticed Menkaure
  2160 | D:4      | Noticed Ijyb
  2171 | D:4      | Killed Menkaure
  2172 | D:4      | Reached skill level 5 in Fighting
  2172 | D:4      | Reached skill level 5 in Armour
  2172 | D:4      | Reached skill level 5 in Shields
  2172 | D:4      | Reached XP level 7. HP: 30/44 MP: 4/7
  2256 | D:4      | Killed Ijyb
  2635 | D:4      | Found a burning altar of Makhleb.
  2649 | D:4      | Found an opulent altar of Gozag.
  2801 | D:4      | Noticed Eustachio
  2814 | D:4      | Killed Eustachio
  2837 | D:4      | Found a snail-covered altar of Cheibriados.
  2930 | D:4      | Found a hide-covered altar of Uskayaw.
  3015 | D:5      | Entered Level 5 of the Dungeon
  3016 | D:5      | Identified a scroll of acquirement
  3016 | D:5      | Acquired a manual of Armour
  3179 | D:5      | Reached XP level 8. HP: 51/51 MP: 8/8
  3190 | D:5      | Noticed Dowan
  3191 | D:5      | Noticed Duvessa
  3209 | D:5      | Killed Duvessa
  3210 | D:5      | Reached skill level 6 in Armour
  3226 | D:5      | Killed Dowan
  3379 | D:5      | Found a blossoming altar of Fedhas.
  3392 | D:5      | Reached skill level 5 in Maces & Flails
  3897 | D:5      | Reached skill level 7 in Armour
  3988 | D:6      | Found a staircase to the Ecumenical Temple.
  3995 | Temple   | Entered the Ecumenical Temple
  4074 | Temple   | Became a worshipper of Warmaster Okawaru
  4261 | D:6      | Noticed a boulder beetle
  4300 | D:6      | HP: 1/52 [boulder beetle (32)]
  4302 | D:6      | Slain by an iguana

Illustrated notes

Levels and vault maps discovered:
D:1:      dpeg_arrival_line_fractal, layout_rooms, chequers_jeans,
          chequers_garden, corexii_item_surrounded_by_moat,
          chequers_serial_rivers_micro_b, minmay_vboxes
D:2:      layout_basic, hellmonk_ecumenical_altar_blasted, minmay_pentomino_u4
D:3:      layout_rooms, portal_sewer_entry_f
D:4:      layout_rooms, kennysheep_little_box, jmf_multi_god_temple,
          slow_altar_1, uniq_ijyb, uniq_eustachio, uniq_menkaure
D:5:      layout_basic, mainiacjoe_overflow_concentric_impassable, uniq_duvessa
D:6:      hangedman_cross_stitches, layout_cave_pools,
          minmay_temple_entry_wispy, minmay_puff
Temple:   nicolae_temple_hex_pool

Skill      XL: |  1  2  3  4  5  6  7  8 |
---------------+-------------------------+-----
Shields        | 4 5 6 |  6.8
Armour         | 4 5 7 |  7.9
Fighting       | 4 5 6 |  6.8
Maces & Flails | 3 4 5 |  5.7

Action                     |  1- 3 |  4- 6 |  7- 9 || total
---------------------------+-------+-------+-------++-------
  Melee: Flail             |    58 |   198 |   231 ||   487
  Evoke: Wand              |       |       |     7 ||     7
    Use: Scroll            |       |     6 |     8 ||    14
 Armour: Scale mail        |    25 |   130 |    24 ||   179
         Chain mail        |       |       |   166 ||   166
  Dodge: Dodged            |    27 |   113 |   111 ||   251
  Block: Buckler           |     9 |    49 |    75 ||   133

Table legend: (Time is in decaauts)
 A = Elapsed time spent in this place.
 B = Non-inter-level travel time spent in this place.
 C = Inter-level travel time spent in this place.
 D = Time resting spent in this place.
 E = Time spent auto-exploring this place.
 F = Levels seen in this place.
 G = Mean time per level.
                   A        B        C        D        E       F      G
               +--------+--------+--------+--------+--------+-----+--------+
         Total |   4505 |   4306 |    199 |    163 |   2864 |   8 |  563.1 |
       Dungeon |   3894 |   3719 |    175 |    163 |   2467 |   6 |  649.0 |
        Temple |    101 |     77 |     24 |      0 |     65 |   1 |  101.0 |
         Sewer |    509 |    509 |      0 |      0 |    331 |   1 |  509.0 |
               +--------+--------+--------+--------+--------+-----+--------+

Top non-repeatable levels by time:
     D:5: 949 daAuts
     D:4: 894 daAuts
     D:2: 701 daAuts
     D:3: 595 daAuts
     D:1: 526 daAuts
   Sewer: 509 daAuts
     D:6: 226 daAuts
  Temple: 101 daAuts
